Map: Eternal Empire LE

Players

Nina

  • Race: Protoss Protoss
  • League: Grandmaster
  • Spawn Location: 7:00

Scarlett - Winner!

  • Race: Zerg Zerg
  • Spawn Location: 1:00

Event: DreamHack SC2 Masters 2020 Fall

VOD

Have the link to the VOD?

Description

Time

  • Played on: Sept. 12, 2020, 5:17 p.m.
  • Length: 13:27

All games in this series

Show
View Real Time Build Order
Export as new Build Order

Nina Protoss 

Build Orders: 1 Gate Expand, Oracle Opening, Phoenix Opening 

Get SALT Encoding   

  12  0:00  Probe  
  13  0:12  Probe  
  14  0:19  Pylon  
  14  0:24  Probe  
  15  0:37  Probe (Chrono Boost)  
  15  0:40  Gateway  
  16  0:49  Probe (Chrono Boost)  
  17  0:50  Assimilator  
  17  0:54  Probe (Chrono Boost)  
  18  1:03  Probe  
  19  1:15  Probe  
  20  1:28  Nexus  
  20  1:35  Cybernetics Core  
  20  1:38  Probe  
  21  1:46  Assimilator  
  21  1:50  Probe  
  21  1:54  Pylon  
  22  2:02  Probe  
  23  2:12  Adept  
  23  2:14  Probe (Chrono Boost)  
  26  2:17  Stargate  
  26  2:28  Pylon  
  25  2:30  Warp Gate  
  25  2:32  Probe (Chrono Boost)  
  26  2:37  Probe (Chrono Boost)  
  26  2:42  Adept, Probe (Chrono Boost)  
  30  2:47  Probe (Chrono Boost)  
  31  2:54  Probe (Chrono Boost)  
  31  2:57  Probe (Chrono Boost)  
  33  2:59  Probe (Chrono Boost)  
  33  3:00  Phoenix  
  33  3:02  Probe (Chrono Boost)  
  37  3:09  Probe  
  37  3:11  Pylon  
  38  3:13  Probe  
  39  3:21  Probe  
  39  3:25  Probe  
  41  3:31  Oracle  
  41  3:33  Probe  
  45  3:37  Probe  
  45  3:39  Pylon  
  46  3:44  Adept  
  46  3:45  Probe (Chrono Boost)  
  49  3:50  Probe (Chrono Boost)  
  50  3:57  Robotics Facility, Probe (Chrono Boost)  
  50  4:01  Probe (Chrono Boost)  
  52  4:03  Probe (Chrono Boost)  
  52  4:04  Assimilator  
  52  4:05  Probe (Chrono Boost)  
  52  4:08  Pylon  
  54  4:11  Probe  
  54  4:16  Nexus  
  53  4:22  Probe  
  53  4:23  Probe  
  53  4:25  Adept  
  53  4:29  Pylon  
  55  4:33  Pylon  
  55  4:34  Probe  
  55  4:36  Probe  
  57  4:45  Observer  
  58  4:46  Assimilator, Probe  
  58  4:48  Probe  
  58  4:50  Gateway  
  58  4:51  Gateway  
  60  5:00  Adept  
  62  5:11  Probe  
  62  5:12  Immortal  
  62  5:13  Probe  
  68  5:14  Pylon x2  
  68  5:18  Twilight Council  
  68  5:19  Forge  
  68  5:20  Pylon  
  68  5:23  Probe  
  68  5:25  Probe  
  70  5:30  Probe  
  71  5:35  Probe  
  71  5:37  Sentry, Probe  
  71  5:42  Probe  
  76  5:44  Protoss Ground Weapons Level 1  
  76  5:45  Pylon  
  76  5:46  Gateway  
  76  5:47  Sentry x2, Probe  
  76  5:49  Probe  
  82  5:53  Blink (Chrono Boost), Gateway  
  82  5:54  Probe  
  83  6:00  Probe  
  83  6:04  Immortal (Chrono Boost)  
  88  6:07  Phoenix  
  88  6:08  Probe  
  91  6:12  Probe  
  91  6:15  Assimilator x2  
  92  6:20  Robotics Bay, Probe  
  92  6:23  Gateway  
  93  6:27  Gateway  
  93  6:30  Gateway  
  93  6:33  Shield Battery  
  93  6:34  Phoenix (Chrono Boost)  
  95  6:41  Immortal (Chrono Boost)  
  95  6:43  Sentry  
  101  6:48  Pylon  
  101  6:50  Pylon  
  101  6:54  Probe  
  101  6:55  Probe  
  101  6:57  Robotics Facility  
  101  6:58  Stalker x2  
  107  7:02  Phoenix (Chrono Boost)  
  107  7:07  Stalker, Pylon  
  111  7:15  Photon Cannon  
  111  7:24  Colossus (Chrono Boost)  
  115  7:35  Stalker x6  
  127  7:38  Observer  
  127  7:41  Pylon  
  127  7:48  Disruptor  
  130  7:52  Nexus  
  130  7:53  Photon Cannon  
  130  7:55  Photon Cannon  
  130  7:56  Extended Thermal Lance  
  130  8:01  Stalker  
  130  8:04  Pylon  
  132  8:08  Shield Battery  
  132  8:09  Pylon  
  132  8:15  Stalker x3  
  132  8:19  Disruptor  
  141  8:28  Probe  
  141  8:30  Photon Cannon  
  142  8:38  Protoss Ground Weapons Level 2, Charge  
  140  8:44  Unknown  
  140  8:48  Zealot  
  142  8:51  Disruptor (Chrono Boost)  
  145  9:02  Photon Cannon  
  151  9:04  Stargate  
  151  9:05  Colossus (Chrono Boost)  
  151  9:14  Photon Cannon  
  151  9:15  Probe x3  
  151  9:16  Probe  
  155  9:19  Stalker x4  
  155  9:20  Zealot x3  
  164  9:38  Stalker  
  160  9:47  Stalker x2  
  160  9:48  Stalker x3  
  166  10:02  Stalker x3  
  166  10:03  Colossus  
  175  10:10  Stalker  
  175  10:11  Stalker x4  
  185  10:14  Probe  
  184  10:25  Stalker  
  169  10:28  Observer  
  169  10:32  Stalker x2  
  169  10:33  Disruptor  
  169  10:34  Probe  
  145  10:44  Probe x2  
  145  10:46  Probe  
  148  10:53  Stalker x6  
  160  10:58  Photon Cannon  
  160  11:06  Stalker  
  160  11:07  Stalker  
  164  11:11  Templar Archives  
  138  11:25  Disruptor (Chrono Boost)  
  138  11:29  Colossus (Chrono Boost)  
  124  11:33  Nexus  
  124  11:35  Sentry x3  
  124  11:39  Pylon  
  136  11:52  High Templar x2  
  140  11:55  Observer  
  140  11:58  Archon  
  141  12:04  Stalker x3  
  141  12:05  Shield Battery, Pylon  
  147  12:17  Photon Cannon  
  147  12:26  Colossus  
  151  12:34  Photon Cannon  
  151  12:36  Stalker x3  
  155  12:46  Photon Cannon  
  155  12:47  Stalker x4  
  163  12:53  Stalker  
  165  12:59  Stalker x3  
  119  13:15  Stalker x4  
  119  13:17  Stalker  
Show
View Real Time Build Order
Export as new Build Order

Scarlett Zerg - Winner!

Build Orders: Hatch First, Brood Lord Corruptor 

Get SALT Encoding   

  12  0:00  Drone  
  13  0:13  Overlord  
  13  0:16  Drone  
  14  0:31  Drone x2  
  16  0:47  Hatchery  
  15  0:51  Drone  
  15  0:55  Drone  
  17  0:58  Drone  
  18  1:09  Extractor  
  17  1:13  Spawning Pool  
  17  1:16  Drone  
  17  1:20  Drone  
  18  1:28  Drone  
  19  1:39  Drone  
  20  1:50  Drone  
  21  2:00  Queen x2, Zergling x2  
  26  2:02  Overlord  
  26  2:10  Drone  
  26  2:11  Drone  
  26  2:12  Metabolic Boost  
  29  2:22  Drone  
  29  2:23  Drone  
  30  2:34  Drone  
  30  2:35  Drone  
  30  2:36  Queen  
  34  2:47  Hatchery  
  34  2:50  Overlord  
  33  2:52  Drone  
  33  2:56  Drone x2  
  36  3:09  Drone x5  
  41  3:14  Queen  
  41  3:17  Overlord  
  42  3:29  Overlord  
  42  3:30  Drone  
  43  3:37  Overlord  
  43  3:40  Zergling x4  
  45  3:44  Drone x6  
  51  3:48  Spore Crawler  
  51  3:51  Overlord  
  51  3:55  Queen  
  52  3:59  Drone x3  
  52  4:01  Queen  
  57  4:06  Spore Crawler x2  
  57  4:07  Drone  
  56  4:11  Zergling x2  
  56  4:12  Zergling x4  
  56  4:14  Drone  
  60  4:22  Drone x5  
  65  4:27  Extractor  
  65  4:28  Drone x2  
  65  4:29  Evolution Chamber  
  65  4:40  Drone x2, Overlord  
  65  4:41  Lair  
  65  4:42  Drone  
  65  4:43  Extractor  
  65  4:44  Extractor  
  65  4:45  Drone  
  66  4:47  Extractor  
  66  4:49  Drone  
  66  4:51  Baneling Nest  
  66  4:52  Drone  
  66  4:55  Drone  
  66  4:56  Drone x3  
  70  5:05  Drone x5, Zerg Melee Weapons Level 1  
  73  5:07  Drone  
  73  5:13  Hatchery  
  73  5:15  Zergling x4  
  75  5:23  Drone x4  
  75  5:24  Extractor  
  78  5:29  Zergling x2  
  78  5:30  Zergling x4  
  81  5:38  Overlord x2  
  81  5:41  Centrifical Hooks  
  81  5:43  Spire  
  81  5:47  Overseer  
  81  5:48  Overlord x2  
  81  5:49  Overlord  
  80  5:50  Drone  
  81  5:58  Drone x9  
  81  6:03  Zergling x6  
  93  6:06  Unknown  
  91  6:15  Hatchery  
  91  6:16  Hydralisk Den  
  91  6:18  Evolution Chamber  
  88  6:19  Drone x4  
  92  6:28  Zergling x14  
  99  6:38  Drone x6  
  105  6:44  Drone x6  
  111  6:51  Zerg Missile Weapons Level 1  
  111  6:54  Grooved Spines  
  111  6:59  Drone, Hydralisk x2  
  111  7:00  Hydralisk x3  
  111  7:01  Infestation Pit  
  121  7:05  Zerg Flyer Weapons Level 1  
  121  7:06  Overlord x2  
  121  7:11  Overlord  
  121  7:12  Overlord x2  
  121  7:15  Zerg Melee Weapons Level 2  
  121  7:22  Drone  
  119  7:27  Drone x2  
  119  7:28  Drone  
  119  7:29  Drone x5  
  125  7:33  Hydralisk x6  
  136  7:41  Hydralisk x5  
  145  7:46  Hydralisk  
  145  7:47  Hydralisk x2  
  151  7:55  Zergling x18  
  151  7:56  Zergling x2  
  161  8:08  Hive  
  161  8:09  Muscular Augments  
  161  8:14  Baneling  
  161  8:15  Baneling x6  
  160  8:20  Corruptor x2  
  160  8:21  Overlord x4  
  160  8:26  Baneling x13  
  164  8:40  Overseer  
  163  8:41  Corruptor x7  
  163  8:42  Corruptor x2  
  181  8:50  Corruptor  
  181  8:51  Corruptor x2  
  181  8:53  Zergling x14  
  193  8:57  Extractor, Spine Crawler  
  193  8:59  Spine Crawler  
  188  9:05  Zerg Missile Weapons Level 2  
  188  9:07  Baneling x8  
  188  9:08  Zergling x18  
  197  9:15  Overlord  
  197  9:32  Baneling x16  
  197  9:34  Adrenal Glands  
  197  9:37  Zergling x4  
  197  9:38  Zergling x4  
  197  9:52  Zergling x12  
  183  10:02  Greater Spire  
  183  10:03  Zergling x30  
  183  10:06  Zerg Melee Weapons Level 3  
  198  10:09  Zergling x4  
  187  10:25  Hydralisk  
  187  10:26  Hydralisk x12  
  195  10:29  Zergling x2  
  195  10:30  Zergling x8  
  195  10:32  Hydralisk x3  
  195  10:33  Hydralisk x2  
  174  10:44  Zergling x2  
  174  10:45  Zergling x16  
  179  10:53  Zergling x10  
  179  10:54  Baneling  
  179  10:55  Baneling x3  
  184  11:00  Zergling x12  
  184  11:01  Hatchery  
  184  11:02  Baneling x14  
  184  11:03  Zergling x2  
  190  11:09  Overlord x3  
  186  11:23  Zergling x24  
  161  11:30  Zergling x10  
  162  11:35  Brood Lord x4  
  162  11:39  Corruptor x3  
  170  11:40  Corruptor x2  
  170  11:45  Zergling x10  
  185  11:48  Overlord  
  185  11:50  Overseer  
  185  12:10  Extractor  
  184  12:17  Baneling x6  
  184  12:18  Baneling x10  
  184  12:21  Brood Lord x3  
  188  12:23  Unknown  
  188  12:26  Brood Lord  
  188  12:27  Zergling x24  
  188  12:29  Baneling x3  
  200  12:42  Baneling x2  
  200  12:43  Baneling x11  
  194  12:46  Zergling x12  
  194  12:47  Baneling x4  
  194  12:48  Baneling  
  199  12:53  Hatchery  
  199  12:54  Baneling x6  
  198  13:01  Baneling x5  
  198  13:02  Baneling x4  
  186  13:09  Zergling x16  

Tags
 
Add a new tag
Caveats
  • Supply blocks, unpowered buildings, or Contaminate may cause inaccurate times.
  • Supply counts are checked every 10 seconds.